 Dungeon Crawl Stone Soup version 0.17.0-24-gcfadda4 (console) character file.

53 gw the Unweaver (level 3, 32/34 HPs)
             Began as a Deep Dwarf Abyssal Knight on Nov 15, 2015.
             Was a Follower of Lugonu.
             Starved to death
             ... on level 2 of the Dungeon.
             The game lasted 00:04:13 (1991 turns).

gw the Unweaver (Deep Dwarf Abyssal Knight)         Turns: 1991, Time: 00:04:13

Health: 32/34      AC:  5    Str: 15    XL:     3   Next: 62%
Magic:  5/5        EV: 10    Int: 12    God:    Lugonu [*.....]
Gold:   119        SH:  0    Dex: 13    Spells: 0 memorised, 2 levels left

rFire  . . .     SeeInvis .     a - +1 hand axe
rCold  . . .     Clarity  .     i - +0 ring mail
rNeg   . . .     SustAt   .     (no shield)
rPois  .         Gourm    .     (no helmet)
rElec  .         Spirit   .     (no cloak)
rCorr  .         Warding  .     (no gloves)
rMut   .         Stasis   .     (no boots)
MR     .....                    (no amulet)
Stlth  +.........               (no ring)
                                (no ring)

@: fainting, non-regenerating, not resistant to hostile enchantments, very
unstealthy
A: damage resistance, recharge devices, sense surroundings 1, slow regeneration
3
a: Device Recharging, Depart the Abyss, Renounce Religion


You were on level 2 of the Dungeon.
You worshipped Lugonu.
Lugonu was aware of your devotion.
You were fainting.

You visited 1 branch of the dungeon, and saw 2 of its levels.
You visited the Abyss 1 time.

You collected 119 gold pieces.

Inventory:

Hand Weapons
 a - a +1 hand axe (weapon)
Armour
 i - a +0 ring mail (worn)
Wands
 c - a wand of heal wounds (1)
Scrolls
 f - 2 scrolls of remove curse {unknown}
 h - a scroll of immolation {unknown}
 j - 2 scrolls of teleportation {unknown}
Potions
 e - a potion of degeneration {unknown}
Comestibles
 d - a bread ration
 g - 2 slices of pizza


   Skills:
 + Level 3.1 Fighting
 * Level 3.1 Axes
 + Level 2.9 Armour
 - Level 1.1 Dodging
 + Level 3.1 Invocations


You had 2 spell levels left.
You didn't know any spells.

Dungeon Overview and Level Annotations

Branches:
Dungeon (2/15)

Altars:
Trog


Innate Abilities, Weirdness & Mutations

You are resistant to damage.
You can recharge devices by infusing magical energy.
You passively map a small area around you.
You do not regenerate naturally.


Message History

ATTACK MOVE TO (0,-1) ATTACK MOVE TO (1,0) ATTACK MOVE TO (0,-1) ATTACK MOVE TO (1,0) ATTACK MOVE TO (0,-1) ATTACK MOVE TO (1,0) ATTACK MOVE TO (0,-1) ATTACK MOVE TO (1,0) ATTACK MOVE TO (0,-1) ATTACK MOVE TO (1,0) ATTACK MOVE TO (0,-1) ATTACK MOVE TO (1,0) ATTACK MOVE TO (0,-1) ATTACK MOVE TO (1,0) ATTACK MOVE TO (0,-1) ATTACK MOVE TO (1,0) ATTACK MOVE TO (0,-1) ATTACK MOVE TO (1,0)
You have starved to death.
You die...

#.# *####### #### #.# ##....###
#.###......)## #
########.##.......).##### #
#........##....#....##..# #
##.######.##...###...)##.# #
##...# #......#y#._..##.# #
.....# ####...###...)##.# #
##...# #...g#....# #.# ## #####
#.........# #.######.
###.......## #........
####.##....### ########..
#########.....##########.........
............##.#.# #............#
#########...##.#.#######.########
##...........(...#
##....####.######


You could see a moth of wrath.

Table legend:
 A = Turns spent in this place as a percentage of turns spent in the entire game.
 B = Non-inter-level travel turns spent in this place as a percentage of non-inter-level travel turns spent in the entire game.
 C = Inter-level travel turns spent in this place as a percentage of turns spent in this place.
 D = Turns resting spent in this place as a percentage of non-inter-level travel turns spent in this place.
 E = Turns spent auto-exploring this place as a percentage of non-inter-level travel turns spent in this place.
 F = Non-inter-level travel turns spent in this place divided by the number of levels of this place that you've seen.
                   A       B       C       D       E      F
               +-------+-------+-------+-------+-------+----------------------
         Total | 100.0 | 100.0 |   0.0 |   0.0 |   0.7 | 2231.3
       Dungeon |  99.0 |  99.0 |   0.0 |   0.0 |   0.7 | 3315.0
         Abyss |   1.0 |   1.0 |   0.0 |   0.0 |   7.8 |  64.0
               +-------+-------+-------+-------+-------+----------------------

Table legend:
 A = Kills in this place as a percentage of kills in entire the game.
 B = Kills by you in this place as a percentage of kills by you in the entire game.
 C = Kills by friends in this place as a percentage of kills by friends in the entire game.
 D = Other kills in this place as a percentage of other kills in the entire game.
 E = Experience gained in this place as a percentage of experience gained in the entire game.
 F = Experience gained in this place divided by the number of levels of this place that you have seen.
                   A       B       C       D       E      F
               +-------+-------+-------+-------+-------+----------------------
         Total | 100.0 | 100.0 |  -nan |  -nan | 100.0 |  25.3
       Dungeon | 100.0 | 100.0 |  -nan |  -nan | 100.0 |  38.0
               +-------+-------+-------+-------+-------+----------------------

Vanquished Creatures
  An adder (D:2)
  4 worms (D:2)
  A giant gecko (D:2)
  4 goblins
  5 hobgoblins
  3 bats (D:2)
  2 giant cockroaches (D:2)
  A giant newt (D:1)
  6 kobolds
  6 rats (D:2)
33 creatures vanquished.

Notes
Turn   | Place    | Note
--------------------------------------------------------------
     0 | Abyss:1  | gw the Deep Dwarf Abyssal Knight began the quest for the Orb.
     0 | Abyss:1  | Reached XP level 1. HP: 20/20 MP: 2/2
    10 | Abyss:1  | Found a corrupted altar of Lugonu.
    83 | Abyss:1  | Noticed a small abomination
    84 | D:1      | Escaped the Abyss
   167 | D:1      | Reached * piety under Lugonu
   167 | D:1      | Reached XP level 2. HP: 21/27 MP: 4/4
   222 | D:1      | You fall through a shaft!
   574 | D:2      | Reached skill level 3 in Invocations
   602 | D:2      | Reached XP level 3. HP: 29/33 MP: 5/5
  1018 | D:2      | Noticed a moth of wrath
  1021 | D:2      | Found a bloodstained altar of Trog.
  1991 | D:2      | Starved to death

Action                   || total
-------------------------++-------
Melee: Hand axe          ||   119
Invok: Depart the Abyss  ||     1
Evoke: Wand              ||     4
  Eat: Chunk             ||     1

Vault maps used:
D:1:      mrwooster_arrival_arrow
D:2:      tgw_trog
Abyss:1:  evilmike_abyss_exit_mutagenic
